 Dungeon Crawl Stone Soup version 0.19.5 (console) character file.

168 PubliusNaso the Magician (level 5, -12/28 HPs)
             Began as a Deep Elf Summoner on Mar 25, 2017.
             Was an Initiate of Vehumet.
             Killed from afar by Lucio's ghost (27 damage)
             ... with a bolt of negative energy
             ... on level 5 of the Dungeon on Mar 26, 2017.
             The game lasted 00:43:20 (3532 turns).

PubliusNaso the Magician (Deep Elf Summoner)        Turns: 3532, Time: 00:43:32

Health: -12/28     AC:  3    Str:  5    XL:     5   Next: 24%
Magic:  9/14       EV: 14    Int: 21    God:    Vehumet [......]
Gold:   116        SH:  0    Dex: 15    Spells: 3 memorised, 8 levels left

rFire  + . .     SeeInvis .     u - +0 short sword
rCold  . . .     Gourm    .     a - +0 robe
rNeg   . . .     Faith    .     (no shield)
rPois  .         Spirit   .     (no helmet)
rElec  .         Reflect  .     s - +0 cloak
rCorr  .         Harm     .     (no gloves)
MR     .....                    (no boots)
Stlth  ++........               (no amulet)
                                (no ring)
                                x - ring of protection from fire

@: very slightly contaminated, drained
A: no striking features
a: Renounce Religion


You were on level 5 of the Dungeon.
You worshipped Vehumet.
Vehumet was noncommittal.
You were not hungry.

You visited 1 branch of the dungeon, and saw 5 of its levels.

You collected 116 gold pieces.

Inventory:

Hand Weapons
 u - a +0 short sword (weapon)
Missiles
 d - 196 stones
 g - 77 bolts
 j - 137 arrows
 q - 50 sling bullets
 w - 12 tomahawks (quivered)
 L - a throwing net
Armour
 a - a +0 robe (worn)
 s - a +0 cloak (worn)
 D - a +0 animal skin
 E - a +0 helmet
Jewellery
 c - an uncursed ring of see invisible {unknown}
 m - an uncursed ring of teleportation
 x - a ring of protection from fire (left hand)
 J - a cursed ring of loudness {unknown}
Wands
 F - a wand of flame (18/48)
 H - a wand of teleportation (3/9)
Scrolls
 h - a scroll of fear
 l - a scroll of identify
 n - a scroll of random uselessness {unknown}
 r - a scroll of recharging {unknown}
 t - a scroll of blinking {unknown}
 v - a scroll of amnesia {unknown}
 y - 2 scrolls of remove curse
 C - 2 scrolls of enchant armour {unknown}
 G - a scroll of magic mapping {unknown}
 K - 3 scrolls of immolation {unknown}
Potions
 e - 2 potions of cancellation {unknown}
 i - 3 potions of ambrosia {unknown}
 k - a potion of degeneration {unknown}
 p - a potion of might {unknown}
 z - a potion of curing {unknown}
 A - a potion of heal wounds {unknown}
 I - a potion of flight {unknown}
Books
 b - a book of Callings

   Spells                             Type                      Level
   a - Summon Small Mammal            Summoning                    1
   b - Call Imp                       Summoning                    2
   c - Call Canine Familiar           Summoning                    3
   d - Summon Guardian Golem          Hexes/Summoning              3
   e - Summon Lightning Spire         Summoning/Air                4
   f - Summon Ice Beast               Ice/Summoning                4
 B - a book of Misfortune

   Spells                             Type                      Level
   a - Confusing Touch                Hexes                        1
   b - Confuse                        Hexes                        3
   c - Gell's Gravitas                Hexes/Translocation          3
   d - Petrify                        Transmutation/Earth          4
   e - Metabolic Englaciation         Hexes/Ice                    5
   f - Yara's Violent Unravelling     Hexes/Transmutation          5
Comestibles
 f - 2 beef jerkies
 o - 2 meat rations


   Skills:
 * Level 4.3(3.7) Dodging
 + Level 3.2(2.6) Stealth
 * Level 5.3(4.6) Spellcasting
 + Level 4.8(4.1) Summonings


You had 8 spell levels left.
You knew the following spells:

 Your Spells              Type           Power        Failure   Level  Hunger
a - Summon Small Mammal   Summ           ###.         1%          1    None
b - Call Imp              Summ           ###.....     3%          2    #......
c - Call Canine Familiar  Summ           ###.....     10%         3    ##.....


Dungeon Overview and Level Annotations

Branches:
Dungeon (5/15)
 Temple: D:4-7

Altars:
Gozag
Trog
Vehumet
Xom
Zin

Annotations:
D:5 Lucio's ghost, novice DrCj


Message History

Lucio's ghost casts a spell at you. The magic dart hits you!
Lucio's ghost points at you and mumbles some strange words.
The magic dart hits your hound.
Your hound barely misses Lucio's ghost.
Your hound bites Lucio's ghost.
Your rat barely misses Lucio's ghost.
Lucio's ghost hits your hound but does no damage.
Your hound barely misses Lucio's ghost.
Your rat barely misses Lucio's ghost.
Lucio's ghost casts a spell at you. The magic dart hits your hound.
Your hound misses Lucio's ghost.
Your hound closely misses Lucio's ghost.
Your rat barely misses Lucio's ghost.
Lucio's ghost breathes negative energy at you.
The bolt of negative energy hits your hound.
Your hound is drained!
Your hound dies!
Your hound's corpse disappears in a puff of smoke!
The bolt of negative energy hits you!
You feel drained.
Ouch! That really hurt!
You die...

########+###
#..........#
#..........#
#..........#
#..........#
#<.........#
#...@..§r..#
########W###
.# W# '# (.
.. ..


You could see Lucio's ghost and a friendly rat.

Vanquished Creatures
  A leopard gecko (D:3)
  A bat (D:2)
  A goblin (D:3)
  A hobgoblin (D:4)
  A jackal (D:3)
  2 frilled lizards
  A kobold (D:3)
  2 rats
10 creatures vanquished.

Vanquished Creatures (collateral kills)
  Purgy (D:3)
  An orc wizard (D:3)
  Natasha (D:4)
  Robin (D:3)
  A gnoll (D:1)
  3 adders
  A worm (D:2)
  2 dart slugs
  4 leopard geckos
  4 orcs (D:3)
  2 ball pythons (D:2)
  2 bat zombies (D:1)
  3 giant cockroaches
  14 goblins
  9 hobgoblins
  5 jackals
  7 kobolds
  A quokka (D:2)
  6 bats
  3 frilled lizards
  A quokka skeleton (D:4)
  6 rats
  A butterfly (D:3)
79 creatures vanquished.

Grand Total: 89 creatures vanquished

Notes
Turn   | Place    | Note
-------+----------+-------------------------------------------
     0 | D:1      | PubliusNaso the Deep Elf Summoner began the quest for the Orb.
     0 | D:1      | Reached XP level 1. HP: 10/10 MP: 6/6
   120 | D:1      | Reached XP level 2. HP: 15/15 MP: 2/8
   883 | D:2      | Reached skill level 4 in Spellcasting
   883 | D:2      | Reached XP level 3. HP: 19/19 MP: 5/10
  1610 | D:3      | Noticed Purgy
  1884 | D:3      | Reached XP level 4. HP: 12/24 MP: 7/12
  1924 | D:3      | Found a shimmering altar of Xom.
  2003 | D:3      | Learned a level 2 spell: Call Imp
  2007 | D:3      | Learned a level 3 spell: Call Canine Familiar
  2113 | D:3      | Noticed Robin
  2132 | D:3      | Killed Robin
  2507 | D:3      | Killed Purgy
  2507 | D:3      | Reached skill level 5 in Spellcasting
  2507 | D:3      | Reached XP level 5. HP: 26/28 MP: 3/14
  2608 | D:4      | Found a radiant altar of Vehumet.
  2620 | D:4      | Became a worshipper of Vehumet
  3147 | D:4      | Noticed Natasha
  3159 | D:4      | Killed Natasha
  3317 | D:4      | Found a glowing silver altar of Zin.
  3317 | D:4      | Found a bloodstained altar of Trog.
  3322 | D:4      | Found an opulent altar of Gozag.
  3511 | D:5      | Entered Level 5 of the Dungeon
  3524 | D:5      | Noticed Lucio's ghost (novice DrCj)
  3532 | D:5      | Killed from afar by Lucio's ghost

Skill      XL: |  1  2  3  4 |
---------------+-------------+-----
Dodging        | 3 4 |  4.3
Spellcasting   | 4 5 |  5.3
Stealth        | 3 |  3.2
Summonings     | |  4.8

Action                   |  1- 3 |  4- 6 || total
-------------------------+-------+-------++-------
Melee: Unarmed           |    23 |       ||    23
       Short sword       |     5 |    18 ||    23
Throw: Stone             |       |     2 ||     2
 Cast: Summon Small Mamm |   117 |    34 ||   151
       Call Canine Famil |       |     7 ||     7
  Use: Scroll            |       |     4 ||     4
 Stab: Sleeping          |     2 |     5 ||     7
       Distracted        |       |     1 ||     1
  Eat: Bread ration      |     1 |     1 ||     2
Armor: Robe              |    21 |     6 ||    27
Dodge: Dodged            |    64 |    16 ||    80
